Map: Central Protocol

Players

stickupkid

  • Race: Zerg Zerg
  • League: Master

Slayer - Winner!

  • Race: Protoss Protoss
  • League: Diamond

VOD

Have the link to the VOD?

Description

Example of this build order:
http://lotv.spawningtool.com/build/9947/

Time

  • Played on: Dec. 9, 2015, 10:23 p.m.
  • Length: 6:14
Show
View Real Time Build Order
Export as new Build Order

stickupkid Zerg 

Build Orders: Hatch First 

Get SALT Encoding   

  12  0:01  Drone  
  13  0:08  Drone  
  14  0:14  Extractor  
  14  0:16  Drone  
  15  0:40  Hatchery  
  14  0:53  Spawning Pool  
  14  0:57  Drone  
  14  1:04  Overlord  
  14  1:16  Drone, Extractor x2  
  14  1:17  Drone  
  15  1:22  Drone  
  17  1:29  Drone  
  18  1:39  Queen  
  18  1:41  Drone  
  21  1:50  Drone  
  21  1:52  Queen  
  21  1:53  Drone  
  25  2:04  Overlord  
  25  2:05  Drone  
  26  2:12  Drone  
  26  2:15  Drone  
  28  2:23  Drone  
  28  2:24  Drone  
  30  2:39  Overlord x2  
  30  2:44  Hatchery  
  29  2:49  Drone  
  29  2:50  Drone  
  31  2:55  Extractor  
  31  2:56  Roach Warren  
  26  3:11  Drone x6  
  26  3:12  Drone  
  29  3:18  Drone  
  30  3:23  Drone  
  30  3:26  Drone  
  32  3:40  Roach  
  32  3:41  Spine Crawler  
  33  3:42  Spine Crawler  
  33  3:44  Roach  
  34  3:49  Extractor  
  34  3:53  Roach  
  35  4:00  Zergling x10  
  40  4:03  Roach  
  42  4:14  Roach  
  42  4:16  Zergling x4  
  46  4:21  Roach  
  48  4:24  Roach  
  48  4:28  Roach  
  50  4:33  Roach  
  46  4:46  Roach x2  
  46  4:47  Roach  
  50  4:57  Roach x2  
  50  5:03  Roach  
  50  5:05  Roach  
  51  5:13  Queen  
  53  5:14  Roach  
  51  5:26  Roach  
  51  5:29  Overlord x2  
  51  5:41  Overlord  
  51  5:45  Roach  
  46  5:50  Roach  
Show
View Real Time Build Order
Export as new Build Order

Slayer Protoss - Winner!

Build Orders:  

Get SALT Encoding   

  12  0:00  Probe (Chrono Boost)  
  13  0:11  Probe (Chrono Boost)  
  14  0:18  Pylon  
  14  0:22  Probe (Chrono Boost)  
  15  0:37  Probe (Chrono Boost)  
  15  0:41  Gateway  
  16  0:47  Probe (Chrono Boost)  
  17  0:52  Assimilator  
  17  0:54  Assimilator  
  17  0:58  Probe (Chrono Boost)  
  18  1:08  Probe (Chrono Boost)  
  19  1:15  Gateway  
  19  1:19  Probe (Chrono Boost)  
  20  1:29  Cybernetics Core, Probe (Chrono Boost)  
  21  1:35  Pylon  
  21  2:05  Warp Gate (Chrono Boost)  
  21  2:06  Adept x2  
  25  2:20  Gateway  
  25  2:22  Gateway  
  25  2:35  Adept x2  
  29  2:58  Pylon  
  29  3:17  Adept x2  
  31  3:20  Gateway  
  31  3:30  Pylon  
  31  3:32  Pylon  
  31  3:55  Stalker x4  
  35  4:24  Stalker  
  35  4:25  Stalker x4  
  45  4:35  Pylon  
  43  4:50  Adept  
  43  4:51  Adept x2  
  45  5:11  Stalker x2  
  49  5:30  Adept x3  
  53  5:54  Stalker x2  
  49  5:57  Adept  
  49  5:59  Zealot  
Tags
 
Add a new tag
Caveats
  • Supply blocks, unpowered buildings, or Contaminate may cause inaccurate times.
  • Supply counts are checked every 10 seconds.